 Dungeon Crawl Stone Soup version 0.27.1-2-g3b301248ec (webtiles) character file.

Game seed: 11719046511023667874

172 pkoi the Slasher (level 5, -6/42 HPs)
             Began as a Minotaur Gladiator on Sept 24, 2021.
             Killed from afar by a steam dragon (17 damage)
             ... with a ball of steam
             ... on level 4 of the Dungeon.
             The game lasted 00:02:51 (3298 turns).

pkoi the Slasher (Minotaur Gladiator)               Turns: 3298, Time: 00:02:52

Health: -6/42      AC:  3    Str: 20    XL:     5   Next: 27%
Magic:  4/4        EV: 13    Int:  5    God:
Gold:   148        SH:  0    Dex: 17    Spells: 4/4 levels left

rFire    . . .     SeeInvis .   a - +0 long sword
rCold    . . .     Faith    .   (no shield)
rNeg     . . .     Spirit   .   b - +0 leather armour
rPois    .         Reflect  .   c - +0 hat
rElec    .         Harm     .   (no cloak)
rCorr    .         Rampage  .   (no gloves)
Will     .....                  (no boots)
Stlth    +.........             (no amulet)
HPRegen  0.14/turn              f - +6 ring of dexterity
MPRegen  0.09/turn              (no ring)

@: no status effects
A: horns 2, retaliatory headbutt
a: no special abilities


You were on level 4 of the Dungeon.
You visited 1 branch of the dungeon, and saw 4 of its levels.

You collected 148 gold pieces.

Inventory:

Hand Weapons
 a - a +0 long sword (weapon)
Missiles
 d - 3 throwing nets (quivered)
 h - 32 poisoned darts
 i - 17 boomerangs
Armour
 b - a +0 leather armour (worn)
 c - a +0 hat (worn)
Jewellery
 f - a +6 ring of dexterity (left hand)
 l - a ring of see invisible
Scrolls
 g - a scroll of amnesia {unknown}
 j - a scroll of fear {unknown}
 k - a scroll of identify
Potions
 e - a potion of curing
 m - a potion of degeneration
 n - 2 potions of haste {unknown}


   Skills:
 - Level 2.4 Fighting
 + Level 7.3 Long Blades
 - Level 2.0 Throwing
 - Level 3.2 Dodging


You had 4 spell levels left.
You didn't know any spells.
Your spell library contained the following spells:

 Spells                   Type           Power      Damage    Failure   Level
 Freeze                   Ice            0%         1d3       54%         1
 Frozen Ramparts          Ice            0%         1d2       88%         3
 Hailstorm                Conj/Ice       0%         3d3       99%         4


Dungeon Overview and Level Annotations

Branches:
Dungeon (4/15)
 Temple: D:4-7

Altars:
Cheibriados


Innate Abilities, Weirdness & Mutations

You have a pair of horns on your head.
You reflexively headbutt those who attack you in melee.


Message History

There is a stone staircase leading up here.
You climb upwards.
There is a stone staircase leading down here.
You start resting.
HP restored.
There is a stone staircase leading up here.
You see here 21 stones.
There is a stone staircase leading down here.
You climb downwards.
There is a stone staircase leading up here.
The helpless steam dragon fails to defend itself.
You hit the steam dragon.
The steam dragon is lightly wounded.
The steam dragon bites you. The steam dragon barely misses you.
You hit the steam dragon but do no damage.
Your headbutt misses the steam dragon.
The steam dragon is lightly wounded.
The steam dragon breathes steam at you. The ball of steam misses you.
You hear an angry hiss.
You closely miss the steam dragon.
The steam dragon is lightly wounded.
You are engulfed in a cloud of scalding steam.
The steam dragon closely misses you. The steam dragon claws you.
You barely miss the steam dragon.
The steam dragon is lightly wounded.
The steam dragon bites you. The steam dragon claws you.
* * * LOW HITPOINT WARNING * * *
You slash the steam dragon! Your headbutt misses the steam dragon.
The steam dragon is heavily wounded.
The steam dragon bites you!
* * * LOW HITPOINT WARNING * * *
The steam dragon misses you. The steam dragon bites you.
* * * LOW HITPOINT WARNING * * *
The steam dragon misses you.
You hit the steam dragon.
The steam dragon is heavily wounded.
The steam dragon breathes steam at you. The ball of steam hits you!
You die...

..##.####
......D@#
.....####
... .


You could see a steam dragon (catching breath).

Vanquished Creatures
  A scorpion (D:4)
  2 gnolls (D:4)
  2 adders
  A worm (D:3)
  12 orcs
  6 endoplasms
  A giant cockroach (D:1)
  10 goblins
  4 hobgoblins (D:1)
  4 quokkas
  9 ball pythons
  3 bats
  3 frilled lizards
  4 kobolds
  3 rats
65 creatures vanquished.

Notes
Turn   | Place    | Note
-------+----------+-------------------------------------------
     0 | D:1      | pkoi the Minotaur Gladiator began the quest for the Orb.
     0 | D:1      | Reached XP level 1. HP: 18/18 MP: 0/0
    52 | D:1      | Reached skill level 4 in Long Blades
    58 | D:1      | Reached XP level 2. HP: 17/25 MP: 1/1
   585 | D:1      | Reached skill level 5 in Long Blades
  1000 | D:2      | Reached XP level 3. HP: 30/30 MP: 2/2
  1145 | D:2      | You fall into a shaft and drop 2 floors!
  2292 | D:3      | Found a faded altar of an unknown god.
  2391 | D:3      | Found a snail-covered altar of Cheibriados.
  2473 | D:3      | Reached XP level 4. HP: 37/37 MP: 3/3
  2489 | D:3      | Reached skill level 6 in Long Blades
  2995 | D:4      | Noticed a necrophage
  2999 | D:4      | Noticed a scorpion
  3008 | D:4      | HP: 1/37 [scorpion (6)]
  3009 | D:4      | Killed a scorpion
  3010 | D:4      | Reached skill level 7 in Long Blades
  3010 | D:4      | Reached XP level 5. HP: 13/42 MP: 4/4
  3292 | D:4      | Noticed a steam dragon
  3298 | D:4      | Killed from afar by a steam dragon

Illustrated notes

Levels and vault maps discovered:
D:1:      nzn_arrival_settlement, layout_basic, minmay_misc_feat_rows
D:2:      layout_basic
D:3:      layout_loops_ring, cheibrodos_worm_habitat,
          ebering_ecumenical_altar_hall
D:4:      minmay_spotlight, layout_basic,
          pdpol_temple_overflow_zin_treasury_gozag_greed,
          nicolae_dithmenos_the_darkroom

Skill      XL: |  1  2  3  4 |
---------------+-------------+-----
Long Blades    | 4 5 7 |  7.3
Fighting       | |  2.4
Throwing       | |  2.0
Dodging        | |  3.2

Action                   |  1- 3 |  4- 6 || total
-------------------------+-------+-------++-------
Melee: Long sword        |    74 |    34 ||   108
       Headbutt          |    14 |     9 ||    23
  Use: Scroll            |     5 |       ||     5
       Potion            |       |     1 ||     1
 Stab: Sleeping          |     3 |     1 ||     4
Armor: Leather armour    |    12 |     5 ||    17
Dodge: Dodged            |    56 |    26 ||    82
       Rpst.: Long sword |    16 |     6 ||    22
